 Dungeon Crawl Stone Soup version 0.27.0-1-g7a089689b8 (webtiles) character file.

Game seed: 16450942053034787699

1558 apoch the Cleaver (level 8, -2/129 HPs)
             Began as a Hill Orc Chaos Knight on Aug 2, 2021.
             Was a Plaything of Xom.
             Slain by tizzy's ghost (10 damage)
             ... on level 5 of the Dungeon.
             The game lasted 00:10:42 (5695 turns).

apoch the Cleaver (Hill Orc Chaos Knight)           Turns: 5695, Time: 00:10:43

Health: -2/129     AC: 24    Str: 17      XL:     8   Next: 89%
Magic:  8/8        EV:  2    Int: 11 (12) God:    Xom [*.....]
Gold:   275        SH:  0    Dex: 16      Spells: 7/7 levels left

rFire    . . .     SeeInvis .   a - +0 hand axe (chaos)
rCold    . . .     Faith    .   (no shield)
rNeg     + + +     Spirit   .   (armour currently unavailable)
rPois    +         Reflect  .   (helmet currently unavailable)
rElec    .         Harm     .   (cloak currently unavailable)
rCorr    .         Rampage  .   (gloves currently unavailable)
Will     .....     NoTele   +   (boots currently unavailable)
Stlth    +.........             (no amulet)
HPRegen  1.31/turn              m - +6 ring of dexterity
MPRegen  0.11/turn              (no ring)

@: mighty, tree-form
A: stationary, stasis, torment immunity, boosted hp, (fangs 1), (talons 2),
(iridescent scales 2), mutation resistance 2, regeneration 1, robust 1
a: Renounce Religion


You were on level 5 of the Dungeon.
You worshipped Xom.
You were a special plaything of Xom.
You were a tree.
You visited 1 branch of the dungeon, and saw 5 of its levels.
You visited the Abyss 1 time.

You collected 275 gold pieces.

Inventory:

Hand Weapons
 a - a +0 hand axe of chaos (weapon)
 p - a +0 flail
 s - a +2 flail of protection
Missiles
 f - 13 poisoned darts
 g - 128 stones (quivered)
 o - 2 boomerangs
Armour
 b - a +2 leather armour
 e - a +0 chain mail (melded)
 r - a +0 pair of boots (melded)
 t - a +0 helmet (melded)
Jewellery
 j - a ring of wizardry
 m - a +6 ring of dexterity (left branch)
Scrolls
 d - a scroll of identify
 q - 2 scrolls of magic mapping {unknown}
 u - a scroll of enchant weapon {unknown}
 w - a scroll of fog
Potions
 c - 2 potions of attraction
 h - a potion of haste
 v - 2 potions of resistance
 x - a potion of mutation


   Skills:
 - Level 10.0 Fighting
 - Level 10.0 Axes
 + Level 3.7 Armour
 - Level 0.7 Dodging


You had 7 spell levels left.
You didn't know any spells.
Your spell library contained the following spells:

 Spells                   Type           Power      Damage    Failure   Level
 Magic Dart               Conj           0%         1d3       34%         1
 Searing Ray              Conj           0%         3d3       47%         2
 Fulminant Prism          Conj/Hex       0%         3d6       98%         4


Dungeon Overview and Level Annotations

Branches:
Dungeon (5/15)
 Temple: D:4-7

Altars:
Elyvilon
Qazlal
Ru
Sif Muna
Zin
The Shining One

Portals:
Abyss: D:5

Annotations:
D:5 1 transporter, tizzy's ghost, amateur DsBr


Innate Abilities, Weirdness & Mutations

You are a tree.
Your roots penetrate the ground, keeping you stationary.
You cannot be teleported.
You are immune to unholy pain and torment.
Your maximum health is greatly increased.
Your equipment is partially melded.
((You have very sharp teeth.))
((You have razor-sharp toenails.))
((You are mostly covered in iridescent scales. (AC +4)))
You are somewhat resistant to both further mutation and mutation removal.
Your natural rate of healing is unusually fast.
You are robust. (+10% HP)


Message History

You are too injured to fight recklessly!
You are too injured to fight recklessly!
You cannot move. (Use ctrl+direction or * direction to attack without moving.) Unknown command.
You hit tizzy's ghost but do no damage.
Tizzy's ghost is severely damaged.
You hit something but do no damage.
Nothing appears to happen.
You feel less confused. Tizzy's ghost hits you.
* * * LOW HITPOINT WARNING * * *
Something hits you.
* * * LOW HITPOINT WARNING * * *
It was a potion of curing.
You feel better. Tizzy's ghost hits you.
* * * LOW HITPOINT WARNING * * *
Something hits you but does no damage.
Tizzy's ghost whispers, "The ORB doesn't exist."
Tizzy's ghost hits you but does no damage.
It was a potion of might.
You feel very mighty all of a sudden. Something hits you but does no damage.
Tizzy's ghost hits you but does no damage.
Something hits you!
* * * LOW HITPOINT WARNING * * *
Unknown command.
You barely miss tizzy's ghost.
Tizzy's ghost is severely damaged.
You hit something.
Tizzy's ghost hits you but does no damage.
Something hits you.
* * * LOW HITPOINT WARNING * * *
Unknown command.
Unknown command.
You slash tizzy's ghost!
Tizzy's ghost is almost destroyed.
You closely miss something.
Tizzy's ghost ripples.
Tizzy's ghost hits you but does no damage.
Something hits you but does no damage. Tizzy's ghost hits you!
You die...
Xom roars with laughter!

##......#.#..♣.............
##..###..##...#.....###.....
#..##5##.©#8#x##....####...#
#.##...#.##....##.))).....##
## #.##...♣##..#...#.....#####
.#####..##...:.# #...##....#
...##.#.©#W#.∩.x#....5#....#
##....#..#5x.##{W)#####....##
#
###..##.#♣.####♣##.###.....##
## #......###..###...........#
#.
####.##......................#
#.
.....###...................<.#
#. ....##
##.######.....[.......# #.
.....###..# ##............# #.
......##.## ##............# ##
.........# #.............# #
.......[## #.............# #


You could see a small abomination and tizzy's ghost (fast).

Vanquished Creatures
  Prince Ribbit (D:5)
  Menkaure (D:5)
  Edmund (D:5)
  A black bear (D:5)
  An ogre (D:4)
  A necrophage (D:4)
  A bullfrog (D:3)
  A water moccasin zombie (D:3)
  A wyvern skeleton (D:3)
  A water moccasin skeleton (D:5)
  The ghost of Harkinian2 the Firebug, a weakling HuFE (D:3)
  3 howler monkeys (D:4)
  2 bullfrog zombies (D:3)
  A jelly (D:5)
  2 orc priests (D:4)
  A hound (D:4)
  4 iguanas
  A bullfrog skeleton (D:4)
  An iron imp (D:5)
  2 orc wizards
  A hound skeleton (D:4)
  4 adders
  An ufetubus (D:5)
  A worm (D:4)
  2 dart slugs
  5 orcs
  6 endoplasms
  3 giant cockroaches
  6 goblins
  5 hobgoblins
  4 jackals (D:1)
  4 quokkas
  8 ball pythons
  4 frilled lizards
  8 kobolds
  3 rats
93 creatures vanquished.

Notes
Turn   | Place    | Note
-------+----------+-------------------------------------------
     0 | D:1      | apoch the Hill Orc Chaos Knight began the quest for the
                  | Orb.
     0 | D:1      | Reached XP level 1. HP: 19/19 MP: 1/1
    61 | D:1      | XOM: silly message
   272 | D:1      | Reached XP level 2. HP: 18/26 MP: 2/2
   283 | D:1      | XOM: silly message
   606 | D:1      | Found a faded altar of an unknown god.
   735 | D:1      | XOM: silly message
   885 | D:1      | Reached skill level 5 in Axes
  1097 | D:1      | XOM: god gift: scroll labelled JOMYBY TIST {god gift}
  1151 | D:2      | Reached XP level 3. HP: 26/31 MP: 3/3
  1519 | D:2      | XOM: scenery: summon butterflies
  1943 | D:2      | XOM: scenery: summon butterflies
  2004 | D:2      | XOM: give mutations
  2004 | D:2      | Gained mutation: You are somewhat resistant to further
                  | mutation. [Xom's grace]
  2004 | D:2      | Gained mutation: You are somewhat resistant to both further
                  | mutation and mutation removal. [Xom's grace]
  2004 | D:2      | Gained mutation: You have sharp toenails. [Xom's grace]
  2004 | D:2      | Gained mutation: You have very sharp teeth. [Xom's grace]
  2687 | D:3      | Reached XP level 4. HP: 39/39 MP: 4/4
  2698 | D:3      | Noticed a bullfrog
  2708 | D:3      | Killed a bullfrog
  2709 | D:3      | Reached XP level 5. HP: 31/45 MP: 5/5
  3014 | D:3      | Found a white marble altar of Elyvilon.
  3014 | D:3      | Found a glowing golden altar of the Shining One.
  3015 | D:3      | Found a glowing silver altar of Zin.
  3129 | D:3      | Found a runed translucent gate.
  3129 | D:3      | Found a runed translucent gate.
  3130 | D:3      | Found a runed translucent gate.
  3133 | D:3      | Noticed Harkinian2's ghost (weakling HuFE)
  3146 | D:3      | Killed Harkinian2's ghost
  3146 | D:3      | XOM: divination: magic mapping
  3149 | D:3      | XOM: fog
  3153 | D:3      | Reached XP level 6. HP: 12/51 MP: 6/6
  3636 | D:4      | XOM: 1-stop teleportation journey
  3640 | D:4      | XOM: butterfly on damage
  3643 | D:4      | Reached skill level 10 in Axes
  3643 | D:4      | Reached XP level 7. HP: 36/60 MP: 7/7
  3784 | D:4      | Found a sacrificial altar of Ru.
  3821 | D:4      | XOM: give mutations
  3821 | D:4      | Gained mutation: Your natural rate of healing is unusually
                  | fast. [Xom's grace]
  3821 | D:4      | Gained mutation: You are partially covered in iridescent
                  | scales. (AC +2) [Xom's grace]
  3866 | D:4      | Reached skill level 5 in Fighting
  4114 | D:4      | Found a shimmering blue altar of Sif Muna.
  4124 | D:4      | XOM: fog
  4144 | D:4      | Found a stormy altar of Qazlal.
  4190 | D:4      | XOM: confuse monster(s)
  4238 | D:4      | XOM: give mutations
  4238 | D:4      | Gained mutation: You are mostly covered in iridescent
                  | scales. (AC +4) [Xom's grace]
  4238 | D:4      | Gained mutation: You are robust. (+10% HP) [Xom's grace]
  4257 | D:4      | XOM: scenery: 1 doors close
  4452 | D:5      | Entered Level 5 of the Dungeon
  4479 | D:5      | Noticed a toenail golem
  4489 | D:5      | Found a transporter.
  4497 | D:5      | Noticed Menkaure
  4506 | D:5      | XOM: smoke on damage
  4512 | D:5      | XOM: cast spell 'Metabolic Englaciation'
  4515 | D:5      | Killed Menkaure
  4516 | D:5      | Reached XP level 8. HP: 8/81 MP: 8/8
  4587 | D:5      | Noticed Edmund
  4619 | D:5      | Killed Edmund
  4893 | D:5      | Found a transporter.
  4905 | D:5      | Found a one-way gate to the infinite horrors of the Abyss.
  5103 | D:5      | Noticed Prince Ribbit
  5115 | D:5      | XOM: noise
  5128 | D:5      | Killed Prince Ribbit
  5129 | D:5      | Reached skill level 10 in Fighting
  5176 | D:5      | XOM: 2-stop teleportation journey
  5268 | D:5      | XOM: summons 2 hostile shadow creatures
  5392 | D:5      | XOM: stat loss: -1 Int (11/12)
  5611 | D:5      | Noticed tizzy's ghost (amateur DsBr)
  5616 | D:5      | Cast into level 1 of the Abyss (kobold)
  5616 | Abyss:1  | Found a corrupted altar of Lugonu.
  5655 | Abyss:1  | Found a stormy altar of Qazlal.
  5663 | D:5      | Escaped the Abyss
  5663 | D:5      | XOM: chaos upgrade
  5683 | D:5      | XOM: confusion
  5684 | D:5      | Gained mutation: You have razor-sharp toenails. [potion of
                  | mutation]
  5695 | D:5      | Slain by tizzy's ghost

Illustrated notes

Levels and vault maps discovered:
D:1:      enne_arrival_octagon_isle, layout_basic,
          shapermc_ecumenical_altar_mp_urbaneastern, solitary_fountain
D:2:      layout_basic, nrook_uturn, nrook_campfire, serial_park_tiny_2
D:3:      layout_loops_cross, good_gods_temple_1, gammafunk_ghost_necromancy,
          grunt_ministairs_9, minivault_25
D:4:      layout_basic, jmf_multi_god_temple,
          nicolae_ru_great_annihilating_truth, chequers_serial_rivers_large_a
D:5:      layout_cave_pods, gammafunk_ghost_abyssal_escape,
          hangedman_decor_riveting, uniq_prince_ribbit1, uniq_menkaure,
          uniq_edmund

Skill      XL: |  1  2  3  4  5  6  7  8 |
---------------+-------------------------+-----
Axes           | 5 6 7 8 10 | 10.0
Fighting       | 4 7 10 | 10.0
Armour         | 3 |  3.7
Dodging        | |  0.7

Action                   |  1- 3 |  4- 6 |  7- 9 || total
-------------------------+-------+-------+-------++-------
Melee: Hand axe          |   104 |    56 |   178 ||   338
       Kick              |     4 |    16 |    10 ||    30
       Bite              |       |     7 |    23 ||    30
Throw: Dart              |    13 |    37 |    16 ||    66
       Stone             |       |       |    55 ||    55
  Use: Scroll            |     3 |       |     3 ||     6
       Potion            |       |       |     7 ||     7
 Stab: Confused          |       |     1 |     1 ||     2
       Paralysed         |       |       |     4 ||     4
Armor: Leather armour    |    12 |       |       ||    12
       Chain mail        |    40 |    22 |    77 ||   139
       Skin              |       |       |    23 ||    23
Dodge: Dodged            |    27 |    11 |    39 ||    77
